Map: [ESL] Ghost River

Players

ForJumy

  • Race: Protoss Protoss
  • Spawn Location: 1:00

Wayne - Winner!

  • Race: Zerg Zerg
  • Spawn Location: 11:00

Event: ESL SC2 Masters 2024 Spring (Regional)

VOD

Have the link to the VOD?

Description

Time

  • Played on: April 13, 2024, 1:18 p.m.
  • Length: 10:22

All games in this series

Show
View Real Time Build Order
Export as new Build Order

ForJumy Protoss 

Build Orders: 1 Gate Expand, Oracle Opening 

Get SALT Encoding   

  12  0:00  Probe  
  13  0:12  Probe  
  14  0:17  Pylon  
  14  0:24  Probe  
  15  0:36  Probe (Chrono Boost)  
  15  0:37  Gateway  
  16  0:47  Probe (Chrono Boost)  
  16  0:48  Assimilator  
  17  0:51  Probe (Chrono Boost)  
  18  1:03  Probe  
  19  1:15  Probe  
  20  1:24  Nexus  
  20  1:36  Cybernetics Core  
  20  1:37  Probe  
  21  1:42  Assimilator  
  21  1:49  Probe  
  21  1:53  Pylon  
  22  2:01  Probe  
  23  2:12  Warp Gate, Stalker  
  23  2:13  Probe  
  26  2:26  Probe (Chrono Boost)  
  26  2:28  Stargate  
  27  2:37  Probe (Chrono Boost)  
  27  2:39  Probe (Chrono Boost)  
  27  2:42  Adept  
  31  2:46  Probe (Chrono Boost)  
  31  2:47  Probe (Chrono Boost)  
  33  2:51  Probe (Chrono Boost)  
  33  2:56  Probe (Chrono Boost)  
  35  3:03  Probe (Chrono Boost)  
  37  3:09  Probe (Chrono Boost)  
  37  3:10  Probe (Chrono Boost)  
  37  3:11  Adept  
  37  3:12  Oracle  
  43  3:18  Gateway  
  44  3:20  Probe (Chrono Boost)  
  44  3:21  Probe (Chrono Boost)  
  44  3:24  Pylon  
  45  3:33  Probe (Chrono Boost)  
  46  3:42  Probe  
  47  3:49  Oracle  
  47  3:53  Pylon, Nexus  
  50  4:01  Adept  
  50  4:02  Probe x2  
  54  4:04  Pylon  
  54  4:08  Assimilator  
  54  4:10  Assimilator  
  54  4:14  Probe  
  54  4:16  Shield Battery  
  55  4:17  Adept  
  55  4:19  Probe (Chrono Boost)  
  58  4:27  Robotics Facility  
  58  4:30  Probe (Chrono Boost)  
  58  4:31  Probe (Chrono Boost)  
  60  4:36  Twilight Council, Forge  
  61  4:40  Probe (Chrono Boost)  
  61  4:41  Probe (Chrono Boost)  
  61  4:43  Pylon  
  62  4:47  Probe  
  62  4:50  Probe  
  62  4:52  Stalker  
  67  5:00  Probe (Chrono Boost)  
  67  5:02  Pylon  
  67  5:04  Oracle  
  67  5:06  Probe x2 (Chrono Boost)  
  72  5:12  Probe (Chrono Boost)  
  73  5:17  Probe x2 (Chrono Boost)  
  73  5:18  Probe (Chrono Boost)  
  73  5:20  Protoss Ground Weapons Level 1  
  76  5:21  Blink  
  76  5:27  Robotics Bay  
  79  5:28  Probe (Chrono Boost)  
  79  5:32  Probe x2 (Chrono Boost)  
  79  5:37  Immortal, Probe (Chrono Boost)  
  79  5:40  Probe (Chrono Boost)  
  79  5:41  Gateway  
  85  5:44  Gateway  
  85  5:54  Stalker x2  
  89  5:58  Gateway  
  89  6:00  Probe x2  
  89  6:01  Robotics Facility  
  89  6:02  Assimilator  
  91  6:04  Probe  
  91  6:06  Assimilator  
  93  6:28  Pylon, Probe  
  93  6:29  Probe x2  
  98  6:32  Pylon  
  98  6:33  Colossus (Chrono Boost)  
  98  6:36  Stalker  
  98  6:38  Pylon  
  100  6:40  Pylon x2, Probe  
  100  6:41  Extended Thermal Lance  
  100  6:46  Probe x2  
  103  6:51  Gateway  
  103  6:52  Probe, Gateway  
  110  6:55  Gateway  
  110  6:56  Stalker  
  110  6:57  Colossus (Chrono Boost)  
  110  6:59  Stalker  
  114  7:03  Gateway  
  114  7:10  Stalker x2  
  118  7:18  Stalker x2  
  118  7:20  Colossus (Chrono Boost)  
  128  7:25  Pylon, Sentry  
  128  7:26  Pylon  
  128  7:27  Probe  
  128  7:29  Probe  
  132  7:32  Protoss Ground Weapons Level 2  
  132  7:36  Charge  
  132  7:37  Pylon  
  132  7:43  Stalker x3  
  138  7:46  Shield Battery  
  135  7:54  Nexus  
  135  7:56  Stalker x2  
  136  7:58  Colossus (Chrono Boost)  
  142  8:15  Warp Prism (Chrono Boost)  
  142  8:16  Pylon  
  142  8:17  Stalker x2  
  148  8:26  Stalker x4  
  156  8:34  Stalker  
  144  8:42  Stalker x2  
  113  8:50  Stalker  
  113  8:51  Stalker x3  
  113  8:53  Probe  
  113  8:55  Probe  
  100  8:59  Disruptor (Chrono Boost), Stalker  
  95  9:05  Probe  
  95  9:07  Probe  
  95  9:08  Shield Battery  
  97  9:10  Probe  
  97  9:11  Stalker x2  
  97  9:14  Pylon  
  102  9:17  Shield Battery  
  102  9:18  Observer (Chrono Boost)  
  102  9:20  Sentry  
  105  9:27  Gateway  
  105  9:30  Colossus (Chrono Boost)  
  105  9:37  Stalker  
  117  9:46  Stalker  
  89  10:01  Stalker x5  
  91  10:12  Zealot  
Show
View Real Time Build Order
Export as new Build Order

Wayne Zerg - Winner!

Build Orders: Hatch First 

Get SALT Encoding   

  12  0:00  Drone  
  13  0:14  Overlord  
  13  0:16  Drone  
  14  0:32  Drone x2  
  16  0:47  Hatchery  
  15  0:51  Drone  
  15  0:55  Drone  
  17  0:58  Drone  
  18  1:09  Extractor  
  17  1:13  Spawning Pool  
  17  1:16  Drone  
  17  1:19  Drone  
  18  1:29  Drone  
  19  1:40  Drone  
  20  1:51  Drone  
  21  1:59  Queen  
  21  2:00  Zergling x2, Queen  
  26  2:01  Overlord  
  26  2:13  Metabolic Boost, Drone x2  
  28  2:23  Zergling x2  
  28  2:24  Drone  
  30  2:34  Drone, Hatchery  
  30  2:36  Drone  
  31  2:42  Queen  
  33  2:50  Overlord  
  33  2:52  Drone  
  33  2:53  Drone  
  33  2:56  Drone  
  36  3:08  Queen  
  36  3:10  Drone x3  
  36  3:11  Overlord  
  41  3:13  Zergling x2  
  41  3:18  Queen  
  44  3:30  Drone x3  
  44  3:33  Drone  
  48  3:38  Drone  
  49  3:43  Overlord, Drone  
  49  3:45  Drone  
  49  3:47  Roach Warren, Queen  
  52  3:52  Spore Crawler  
  52  3:53  Drone  
  51  3:56  Drone x2  
  51  3:58  Drone  
  51  4:00  Drone  
  51  4:01  Drone  
  56  4:04  Evolution Chamber, Drone  
  56  4:07  Drone  
  56  4:09  Zergling x4  
  60  4:13  Overlord  
  60  4:17  Spore Crawler, Drone  
  60  4:18  Drone  
  60  4:19  Drone x2  
  60  4:23  Drone x2  
  65  4:29  Overlord  
  65  4:30  Zerg Melee Weapons Level 1  
  65  4:31  Drone  
  65  4:32  Drone  
  65  4:35  Extractor  
  66  4:42  Baneling Nest, Hatchery  
  66  4:43  Drone  
  66  4:45  Drone  
  66  4:50  Drone x4  
  66  4:51  Zergling x6  
  72  5:01  Overlord  
  72  5:03  Zergling x14  
  79  5:09  Overlord  
  79  5:12  Overlord  
  79  5:14  Overlord  
  79  5:15  Zergling x4  
  79  5:19  Lair  
  81  5:23  Drone x4  
  85  5:32  Extractor  
  85  5:35  Drone x2  
  85  5:36  Overlord  
  85  5:41  Extractor, Drone x8  
  85  5:42  Extractor  
  91  5:46  Overlord  
  91  5:49  Drone  
  92  5:51  Drone x2  
  92  5:56  Roach Warren  
  92  6:05  Overlord  
  92  6:08  Drone x7  
  97  6:14  Drone x3  
  97  6:15  Drone  
  97  6:16  Drone x2  
  95  6:19  Drone x4  
  95  6:22  Drone  
  96  6:27  Spore Crawler  
  96  6:29  Spore Crawler  
  96  6:30  Spore Crawler, Drone x3  
  97  6:32  Overlord  
  97  6:33  Zerg Missile Weapons Level 1  
  97  6:37  Glial Reconstitution  
  97  6:38  Roach  
  97  6:39  Roach x8  
  115  6:45  Centrifugal Hooks  
  115  6:49  Overseer  
  115  6:50  Overlord  
  115  6:52  Roach x4  
  123  6:57  Overlord  
  123  6:59  Zergling x10  
  127  7:05  Overlord  
  127  7:07  Overlord  
  127  7:09  Overlord  
  127  7:13  Overlord  
  127  7:14  Zergling x18  
  136  7:17  Roach  
  136  7:18  Roach  
  140  7:24  Overlord  
  140  7:27  Roach x6  
  152  7:39  Zergling x2  
  152  7:40  Zergling x16  
  152  7:42  Overlord  
  158  7:50  Zergling x12  
  163  7:53  Baneling x21  
  163  7:54  Ravager  
  163  7:55  Ravager x2  
  166  8:01  Zergling x12  
  172  8:06  Zergling x2  
  172  8:07  Zergling x8  
  177  8:14  Zergling x14  
  184  8:22  Baneling x12  
  184  8:24  Zergling x2  
  184  8:25  Zergling x4  
  184  8:29  Zergling x10  
  135  8:49  Zergling x22  
  135  8:53  Roach x5  
  135  8:54  Roach  
  145  8:57  Roach x3  
  152  9:02  Roach x3  
  152  9:03  Roach  
  152  9:07  Roach x2  
  149  9:10  Baneling x5  
  149  9:11  Baneling x3  
  149  9:12  Ravager  
  149  9:13  Zergling x2  
  149  9:14  Zergling x6  
  149  9:15  Ravager  
  155  9:17  Zergling x6  
  155  9:20  Zergling x2  
  155  9:23  Roach x3  
  165  9:24  Ravager  
  165  9:28  Zergling x8  
  165  9:31  Zergling x6  
  171  9:35  Baneling x6  
  171  9:36  Zergling x4  
  171  9:38  Zergling x4  
  177  9:42  Baneling x4  
  177  9:43  Zergling x6  
  181  9:45  Zergling x4  
  150  10:01  Zergling x18  
Tags
 
Add a new tag
Caveats
  • Supply blocks, unpowered buildings, or Contaminate may cause inaccurate times.
  • Supply counts are checked every 10 seconds.